 Dungeon Crawl Stone Soup version 0.24-a0-201-gf205589 (console) character file.

Game seed: 4166258839446570993

116 bli the Skirmisher (level 5, -10/42 HPs)
             Began as a Formicid Abyssal Knight on Mar 23, 2019.
             Was a Follower of Lugonu.
             Killed from afar by a gargoyle (20 damage)
             ... with a stone arrow
             ... on level 15 of the Dungeon.
             The game lasted 00:05:49 (1861 turns).

bli the Skirmisher (Formicid Abyssal Knight)        Turns: 1861, Time: 00:05:50

Health: -10/42     AC:  3    Str: 17    XL:     5   Next: 20%
Magic:  6/6        EV: 11    Int: 11    God:    Lugonu [*.....]
Gold:   70         SH:  0    Dex: 11    Spells: 4/4 levels left

rFire    + . .     SeeInvis +   a - +1 hand axe
rCold    . . .     Gourm    .   (no shield)
rNeg     . . .     Faith    .   b - +0 leather armour
rPois    .         Spirit   .   (helmet unavailable)
rElec    .         Reflect  .   (no cloak)
rCorr    .         Harm     .   (no gloves)
MR       .....                  (no boots)
Stlth    +.........             (no amulet)
HPRegen  0.14/turn              h - ring of protection from fire
MPRegen  0.10/turn              (no ring)

@: no status effects
A: permanent stasis, dig shafts and tunnels, four strong arms, antennae 3
a: Dig, Shaft Self, Depart the Abyss, Renounce Religion


You were on level 15 of the Dungeon.
You worshipped Lugonu.
Lugonu was aware of your devotion.
You were near starving.

You visited 1 branch of the dungeon, and saw 10 of its levels.
You visited the Abyss 1 time.

You collected 70 gold pieces.

Inventory:

Hand Weapons
 a - a +1 hand axe (weapon)
 g - a +0 spear
Missiles
 q - 30 poisoned needles
Armour
 b - a +0 leather armour (worn)
 m - a +0 ring mail
Jewellery
 h - a ring of protection from fire (left hand)
Wands
 s - a wand of flame (3)
 t - a wand of iceblast (13)
Scrolls
 d - 2 scrolls of enchant weapon {unknown}
 e - 3 scrolls of immolation {unknown}
 f - 5 scrolls of identify {unknown}
 j - 2 scrolls of teleportation {unknown}
 k - 2 scrolls of blinking {unknown}
 p - a scroll of remove curse {unknown}
 v - a scroll of holy word {unknown}
Potions
 i - a potion of ambrosia {unknown}
 l - a potion of lignification {unknown}
 n - a potion of mutation {unknown}
 o - a potion of agility {unknown}
 r - 2 potions of curing {unknown}
 u - a potion of flight {unknown}
 w - a potion of magic {unknown}
Comestibles
 c - 2 rations


   Skills:
 * Level 4.2 Fighting
 * Level 3.2 Axes
 + Level 3.2 Armour
 + Level 1.4 Dodging
 + Level 0.4 Stealth
 + Level 2.4 Invocations


You had 4 spell levels left.
You didn't know any spells.
Your spell library was empty.

Dungeon Overview and Level Annotations

Branches:
Dungeon (10/15)
 Temple: D:4-7         Lair: D:8-11         Orc: D:9-12

Altars:


Innate Abilities, Weirdness & Mutations

You cannot be hasted, slowed, berserked, paralysed or teleported.
You can dig through walls and to a lower floor.
Your four strong arms can wield two-handed weapons with a shield.
You have a pair of large antennae on your head. (SInv)


Message History

The bullfrog closely misses you. The bullfrog misses you.
You closely miss the bullfrog.
The bullfrog is heavily wounded.
The bullfrog closely misses you. The bullfrog barely misses you.
You hit the bullfrog.
The bullfrog is severely wounded.
The bullfrog hits you.
You closely miss the bullfrog.
The bullfrog is severely wounded.
The bullfrog hits you. The bullfrog closely misses you.
You hit the bullfrog.
The bullfrog is severely wounded.
The bullfrog closely misses you. The bullfrog hits you.
You barely miss the bullfrog.
The bullfrog is severely wounded.
The bullfrog hits you.
* * * LOW HITPOINT WARNING * * *
The gargoyle hurls a stone arrow at you.
The stone arrow hits you!!
You die...

.# .. ##.#
# ...# .#
#.$##..
#.... #..#
###@.###.#
#...F....#
#.#..#####
#9#.....
##.#.#####
##....#
#.....#
#....##
#.#.##
#.#.#
#9#.#


You could see a gargoyle and a bullfrog.

Vanquished Creatures
  2 hounds (D:10)
  A worker ant (D:6)
  An ooze (D:1)
  3 dart slugs
  A leopard gecko (D:3)
  2 bats (D:1)
  A giant cockroach (D:3)
  7 goblins
  A hobgoblin (D:1)
  3 jackals (D:1)
  A kobold (D:1)
  A frilled lizard (D:1)
24 creatures vanquished.

Notes
Turn   | Place    | Note
-------+----------+-------------------------------------------
     0 | Abyss:1  | bli the Formicid Abyssal Knight began the quest for the
                  | Orb.
     0 | Abyss:1  | Reached XP level 1. HP: 18/18 MP: 2/2
   136 | Abyss:1  | Found a corrupted altar of Lugonu.
   153 | Abyss:1  | Noticed a chaos spawn
   188 | Abyss:1  | Noticed a revenant
   212 | Abyss:1  | Noticed a flying skull
   231 | Abyss:1  | Noticed an ancient zyme
   239 | D:1      | Escaped the Abyss
   621 | D:1      | Reached * piety under Lugonu
   621 | D:1      | Reached XP level 2. HP: 24/24 MP: 3/3
   839 | D:1      | Reached XP level 3. HP: 8/30 MP: 4/4
  1171 | D:3      | Reached skill level 1 in Dodging
  1251 | D:3      | You fall through a shaft for 3 floors!
  1273 | D:6      | Reached skill level 4 in Fighting
  1273 | D:6      | Reached XP level 4. HP: 21/37 MP: 5/5
  1554 | D:7      | You fall through a shaft for 3 floors!
  1554 | D:10     | Entered Level 10 of the Dungeon
  1576 | D:10     | Reached XP level 5. HP: 10/42 MP: 6/6
  1818 | D:9      | Noticed a yak
  1818 | D:9      | Noticed a yak
  1824 | D:9      | Noticed a yak
  1826 | D:9      | Noticed a yak
  1827 | D:9      | You fall through a shaft for 2 floors!
  1827 | D:11     | Noticed a porcupine
  1827 | D:11     | Noticed an unseen horror
  1828 | D:11     | Noticed a death yak
  1829 | D:11     | Noticed a porcupine
  1832 | D:11     | You fall through a shaft for 3 floors!
  1832 | D:14     | Noticed a green ugly thing
  1832 | D:14     | Noticed a green ugly thing
  1832 | D:14     | Noticed a green ugly thing
  1832 | D:14     | Noticed a green ugly thing
  1838 | D:14     | You fall through a shaft!
  1838 | D:15     | Entered Level 15 of the Dungeon
  1849 | D:15     | Noticed a gargoyle
  1850 | D:15     | Noticed a bullfrog
  1861 | D:15     | Killed from afar by a gargoyle

Levels and vault maps discovered:
D:1:      nicolae_arrival_washed_ashore, layout_loops_corners,
          chequers_serial_rivers_small_3
D:2:      minmay_alternating_diamond, layout_loops_ring
D:3:      layout_rooms, lemuel_zombie_altar_kikubaaqudgha, first_ration,
          minmay_gold_behind_fungi
D:6:      layout_basic
D:7:      layout_rooms, lemuel_crystal_altar, kennysheep_mini_moat
D:9:      layout_grid_maze, lemuel_round_altar, minmay_radiant
D:10:     gammafunk_sealed_arena, layout_loops_corners
D:11:     layout_rooms, dpeg_lair_monsters
D:14:     minmay_polygon_palace, layout_basic, minmay_misc_feat_cross
D:15:     gammafunk_depths_entry_grave, layout_loops_ring, roderic_lattice_a
Abyss:1

Skill      XL: |  1  2  3  4 |
---------------+-------------+-----
Dodging        | 1 |  1.4
Fighting       | 4 |  4.2
Armour         | 3 |  3.2
Axes           | 3 |  3.2
Stealth        | |  0.4
Invocations    | |  2.4

Action                   |  1- 3 |  4- 6 || total
-------------------------+-------+-------++-------
Melee: Hand axe          |    70 |    23 ||    93
Invok: Depart the Abyss  |     1 |       ||     1
 Abil: Shaft Self        |     1 |     4 ||     5
 Stab: Sleeping          |     1 |     2 ||     3
  Eat: Chunk             |     1 |     2 ||     3
Armor: Leather armour    |    25 |    11 ||    36
Dodge: Dodged            |    44 |    30 ||    74

Table legend:
 A = Non-vault XP
 B = Vault XP
 C = Vault XP percentage of total XP
 D = Non-vault monster count
 E = Vault monster count
 F = Vault count percentage of total count
                 A         B        C        D         E       F
            +---------+---------+-------+---------+---------+-------
      Total |     166 |       0 |   0.0 |      24 |       0 |   0.0
            +---------+---------+-------+---------+---------+-------
        D:1 |      35 |       0 |   0.0 |      14 |       0 |   0.0
        D:2 |       2 |       0 |   0.0 |       1 |       0 |   0.0
        D:3 |      15 |       0 |   0.0 |       6 |       0 |   0.0
        D:6 |      31 |       0 |   0.0 |       1 |       0 |   0.0
       D:10 |      83 |       0 |   0.0 |       2 |       0 |   0.0
            +---------+---------+-------+---------+---------+-------
